 Dungeon Crawl Stone Soup version 0.27-a0-343-gfcad680f63 (webtiles) character file.

Game seed: 12856363942811059884

132 tilp the Sneak (level 5, -1/34 HPs)
             Began as an Octopode Transmuter on Feb 14, 2021.
             Slain by an iguana (15 damage)
             ... on level 4 of the Dungeon.
             The game lasted 00:04:17 (4412 turns).

tilp the Sneak (Octopode Transmuter)                Turns: 4412, Time: 00:04:17

Health: -1/34      AC:  1    Str:  9    XL:     5   Next: 15%
Magic:  5/8        EV: 13    Int: 17    God:
Gold:   96         SH:  0    Dex: 12    Spells: 2/8 levels left

rFire    . . .     SeeInvis .     - Unarmed
rCold    . . .     Faith    .   (no shield)
rNeg     . . .     Spirit   .   (helmet restricted)
rPois    .         Reflect  .   (no amulet)
rElec    .         Harm     .   (no ring)
rCorr    .         Rampage  .   (no ring)
Will     .....                  (no ring)
Stlth    +++.......             (no ring)
HPRegen  0.11/turn              (no ring)
MPRegen  0.11/turn              (no ring)
                                (no ring)
                                (no ring)

@: wereblooded (expiring), very slightly contaminated
A: almost no armour, stealthy swim, amphibious, 8 rings, constrict 8, camouflage
1, gelatinous body 1
a: no special abilities


You were on level 4 of the Dungeon.
You visited 1 branch of the dungeon, and saw 4 of its levels.

You collected 96 gold pieces.

Inventory:

Missiles
 b - 7 boomerangs (quivered)
Scrolls
 c - a scroll of fog
 d - a scroll of identify {unknown}
 e - a scroll of amnesia {unknown}
 f - a scroll of teleportation {unknown}
 h - a scroll of immolation {unknown}
 j - a scroll of magic mapping {unknown}
Potions
 a - a potion of curing {unknown}
 g - a potion of brilliance {unknown}
 i - a potion of mutation {unknown}
 k - a potion of degeneration {unknown}
 l - a potion of lignification {unknown}


   Skills:
 - Level 2.0 Fighting
 - Level 2.0 Dodging
 - Level 4.0 Stealth
 - Level 4.0 Unarmed Combat
 - Level 2.0 Spellcasting
 + Level 2.7 Transmutations


You had 2 spell levels left.
You knew the following spells:

 Your Spells              Type           Power        Failure   Level
a - Beastly Appendage     Tmut           22%          6%          1
b - Wereblood             Tmut           11%          10%         2
c - Spider Form           Tmut/Pois      3%           32%         3

Your spell library contained the following spells:

 Spells                   Type           Power        Failure   Level
 Ice Form                 Ice/Tmut       6%           73%         4
 Blade Hands              Tmut           5%           86%         5


Dungeon Overview and Level Annotations

Branches:
Dungeon (4/15)
 Temple: D:4-7

Altars:
Ashenzari
Qazlal
Vehumet
Wu Jian

Annotations:
D:3 2 transporters
D:4 exclusions: hound and ice beast


Innate Abilities, Weirdness & Mutations

You cannot wear most types of armour.
You are very stealthy in the water. (Stealth+)
You are amphibious.
You can wear up to eight rings at the same time.
You can use your tentacles to constrict eight enemies at once.
Your skin changes colour to match your surroundings (Stealth+).
Your rubbery body absorbs attacks. (AC +1, EV +1)


Message History

You howl as the wereblood boils in your veins!
Your tentacle spike disappears.
You hear an angry hiss.
You hear a shout!
A giant cockroach is nearby!
Found 11 gold pieces.
An iguana and 2 gnolls come into view.
The gnoll moves out of view.
A gnoll comes into view. It is wielding a +0 halberd.
The gnoll moves out of view.
A gnoll comes into view. It is wielding a +0 spear.
A worker ant comes into view.
The worker ant moves out of view.
Found 11 bolts.
The gnoll shouts!
Casting: Wereblood (safe; 10% risk of failure)
Confirm with . or Enter, or press ? or * to list all spells.
You miscast Beastly Appendage.
You are very lightly contaminated with residual magic.
Nothing appears to happen.
The iguana bites you.
The gnoll hits you from afar with a +0 spear!
The iguana barely misses you.
Casting: Beastly Appendage (safe; 6% risk of failure)
Confirm with . or Enter, or press ? or * to list all spells.
You miscast Wereblood.
Nothing appears to happen.
You howl as the wereblood boils in your veins!
The iguana closely misses you.
You barely miss the iguana. You grab the iguana.
You tentacle-slap the iguana, but do no damage.
You squeeze the iguana, but do no damage.
Your primal bloodlust is almost over.
You constrict the iguana. You tentacle-slap the iguana.
The iguana is lightly wounded.
You constrict the iguana, but do no damage.
The iguana bites you!
The gnoll hits you from afar with a +0 spear.
You tentacle-slap the iguana but do no damage.
The iguana is lightly wounded.
You constrict the iguana. The iguana bites you!
You die... #.# .. #.# .. #.# .# ## ###.# .##.. # .... ..B . # #.##.#####( . #. #g.gB..gg.g h

#.###l######### .
########.....@......#
†###.....####.##.......#
......##...)..##..$....#
.....<....####.........#
..........# .#.......#
.#.#...........#.......#
.#.#.....####.##.......#
.#.##...## #########
.#.######


You could see an iguana and a gnoll.

Vanquished Creatures
  4 adders
  2 oozes (D:1)
  4 worms
  3 dart slugs
  4 leopard geckos
  3 orcs
  A ball python (D:3)
  3 giant cockroaches
  9 goblins
  8 hobgoblins
  2 quokkas
  4 bats
  5 frilled lizards
  5 kobolds
  6 rats
63 creatures vanquished.

Notes
Turn   | Place    | Note
-------+----------+-------------------------------------------
     0 | D:1      | tilp the Octopode Transmuter began the quest for the Orb.
     0 | D:1      | Reached XP level 1. HP: 13/13 MP: 3/3
    27 | D:1      | Reached skill level 1 in Stealth
   401 | D:1      | Reached XP level 2. HP: 8/18 MP: 3/5
   669 | D:1      | Learned a level 2 spell: Wereblood
   906 | D:1      | Reached XP level 3. HP: 23/23 MP: 4/6
  1489 | D:1      | Learned a level 3 spell: Spider Form
  1825 | D:2      | Reached XP level 4. HP: 26/29 MP: 2/7
  1896 | D:2      | Found a radiant altar of Vehumet.
  2024 | D:2      | Found an ornate altar of the Wu Jian Council.
  2024 | D:2      | Found a stormy altar of Qazlal.
  2430 | D:2      | Found a broken altar of Ashenzari.
  2820 | D:3      | Found a transporter.
  2881 | D:3      | Found a transporter.
  3277 | D:3      | Reached XP level 5. HP: 25/34 MP: 3/8
  4377 | D:4      | Noticed an ice beast
  4412 | D:4      | Slain by an iguana

Illustrated notes

Levels and vault maps discovered:
D:1:      tarquinn_simple_flora_water_c, layout_rooms
D:2:      layout_basic, vehumet_crystals, lemuel_doored_altar,
          gammafunk_temple_overflow_statue, kennysheep_generic_room_15
D:3:      gammafunk_steamed_eel, layout_basic
D:4:      layout_loops_cross, led_sif_pool

Skill      XL: |  1  2  3  4 |
---------------+-------------+-----
Stealth        | 2 3 4 |  4.0
Fighting       | 2 |  2.0
Unarmed Combat | 4 |  4.0
Dodging        | |  2.0
Spellcasting   | |  2.0
Transmutations | |  2.7

Action                   |  1- 3 |  4- 6 || total
-------------------------+-------+-------++-------
Melee: Unarmed           |    82 |    68 ||   150
       Constrict         |    18 |    22 ||    40
       Tentacles         |    11 |     9 ||    20
       Kick              |    12 |    10 ||    22
       Punch             |     1 |     2 ||     3
Throw: Boomerang         |     9 |       ||     9
 Cast: Beastly Appendage |    13 |    14 ||    27
       Wereblood         |     6 |    13 ||    19
  Use: Scroll            |       |     1 ||     1
 Stab: Sleeping          |     4 |     8 ||    12
Armor: Skin              |     4 |       ||     4
Dodge: Dodged            |    52 |    30 ||    82

Table legend: (Time is in decaauts)
 A = Elapsed time spent in this place.
 B = Non-inter-level travel time spent in this place.
 C = Inter-level travel time spent in this place.
 D = Time resting spent in this place.
 E = Time spent auto-exploring this place.
 F = Levels seen in this place.
 G = Mean time per level.
                   A        B        C        D        E       F      G
               +--------+--------+--------+--------+--------+-----+--------+
         Total |   4405 |   4273 |    132 |    566 |   3233 |   4 | 1101.2 |
       Dungeon |   4405 |   4273 |    132 |    566 |   3233 |   4 | 1101.2 |
               +--------+--------+--------+--------+--------+-----+--------+

Top non-repeatable levels by time:
     D:1: 1507 daAuts
     D:3: 1504 daAuts
     D:2: 1308 daAuts
     D:4: 84 daAuts
